 Dungeon Crawl Stone Soup version 0.20-a0-493-g19c8d8d (console) character file.

3068 sose the Grappler (level 9, -11/78 HPs)
             Began as a Ghoul Gladiator on Jan 16, 2017.
             Was a Believer of Makhleb.
             Mangled by a death yak (16 damage)
             ... on level 7 of the Dungeon.
             The game lasted 00:18:53 (5732 turns).

sose the Grappler (Ghoul Gladiator)                 Turns: 5732, Time: 00:18:54

Health: -11/78     AC: 17    Str: 18    XL:     9   Next: 88%
Magic:  8/8        EV: 11    Int:  4    God:    Makhleb [**....]
Gold:   442        SH:  0    Dex: 16    Spells: 8/8 levels left

rFire    . . .     SeeInvis .     - Unarmed
rCold    + . .     Gourm    .   J - +4 plate armour
rNeg     + + +     Faith    .   (no shield)
rPois    ∞         Spirit   .   F - +0 helmet
rElec    .         Reflect  .   (no cloak)
rCorr    .         Harm     .   (no gloves)
MR       .....                  (no boots)
Stlth    ..........             (no amulet)
Regen    0.2/turn               u - +3 ring of evasion
                                n - +4 ring of dexterity

@: rotting
A: rotting body, claws 1, carnivore 3, cold resistance 1, negative energy
resistance 3, slow regeneration 1, torment resistance, unbreathing
a: Minor Destruction, Renounce Religion


You were on level 7 of the Dungeon.
You worshipped Makhleb.
Makhleb was pleased with you.
You were not hungry.

You visited 2 branches of the dungeon, and saw 9 of its levels.

You collected 442 gold pieces.

Inventory:

Hand Weapons
 w - a cursed -2 blowgun
Missiles
 c - 7 throwing nets (quivered)
 x - 16 poisoned needles
Armour
 a - a +0 leather armour
 b - a +0 helmet
 E - a +2 pair of gloves
 F - a +0 helmet (worn)
 J - a +4 plate armour (worn)
Magical Staves
 O - an uncursed staff of wizardry
Jewellery
 n - a +4 ring of dexterity (left claw)
 q - an uncursed ring of protection from magic
 u - a +3 ring of evasion (right claw)
 y - an uncursed ring of flight
Scrolls
 g - 2 scrolls of recharging {unknown}
 h - 2 scrolls of magic mapping
 i - a scroll of identify
 m - 4 scrolls of remove curse
 s - a scroll of fog {unknown}
 A - a scroll of fear {unknown}
 D - a scroll of enchant armour {unknown}
 G - 3 scrolls of teleportation
 H - a scroll of amnesia {unknown}
 I - 2 scrolls of blinking {unknown}
 M - a scroll of silence {unknown}
Potions
 e - a potion of ambrosia {unknown}
 f - a potion of lignification {unknown}
 k - a potion of cancellation
 o - 3 potions of curing
 p - 2 potions of flight
 r - 2 potions of mutation {unknown}
 t - 3 potions of brilliance {unknown}
 v - 2 potions of berserk rage
 z - a potion of resistance {unknown}
 C - a potion of degeneration {unknown}
 K - 2 potions of might {unknown}
 L - a potion of haste {unknown}
Books
 j - the Disquisition on the Earthen Voyage
   (You found it on level 7 of the Dungeon)

   Spells                             Type                      Level
   a - Gell's Gravitas                Hexes/Translocation          3
   b - Force Lance                    Conjuration/Translocation    4
   c - Petrify                        Transmutation/Earth          4
   d - Shatter                        Earth                        9
Comestibles
 d - 4 meat rations
 B - a beef jerky
 N - a slice of pizza
 P - a chunk of flesh


   Skills:
 + Level 6.5 Fighting
 - Level 1.7 Throwing
 + Level 4.0 Armour
 + Level 5.9 Dodging
 + Level 10.9 Unarmed Combat


You had 8 spell levels left.
You didn't know any spells.

Dungeon Overview and Level Annotations

Branches:
Dungeon (8/15)             Temple (1/1) D:4            Lair (0/6) D:8

Altars:
Ashenzari
Cheibriados
Dithmenos
Elyvilon
Fedhas
Gozag
Hepliaklqana
Kikubaaqudgha
Makhleb
Nemelex Xobeh
Okawaru
Qazlal
Ru
Sif Muna
Trog
Uskayaw
Vehumet
Xom
Yredelemnul
Zin
The Shining One


Innate Abilities, Weirdness & Mutations

Your body is rotting away.
You thrive on raw meat.
You are immune to poison.
You have sharp fingernails.
You are carnivorous and can eat meat at any time.
Your flesh is cold resistant. (rC+)
You are immune to negative energy. (rN+++)
You regenerate slowly when monsters are visible.
You are immune to unholy pain and torment.
You can survive without breathing.


Message History

The death yak is severely wounded.
The death yak gores you but does no damage.
Your plate armour prevents you from hitting the death yak.
The death yak is severely wounded.
Your plate armour prevents you from hitting the death yak.
The death yak is severely wounded.
The death yak gores you but does no damage.
You scratch the death yak.
The death yak is severely wounded.
The death yak gores you!
* * * LOW HITPOINT WARNING * * *
You claw the death yak!
The death yak is severely wounded.
The death yak gores you!
* * * LOW HITPOINT WARNING * * *
Okay, then.
Unknown command.
Eat a chunk of flesh? (ye/n/q)
You eat the chunk of flesh.
The death yak gores you!
You die...

≈≈.≈≈##.# ##...#..# #.# #.#.#
##'####.# ##'##.#####.###)#.#
#.##.#.# #####.......((.##).###
#.##.#.# #.....(..(((##.#8.[8##
#.##.#.####.###.(#....##.......#
#.##...............#.###...>...#
#.##.#.#..........##..5..#8[.8##
#.##........##.5Y#######.##..##
#.####.#.######@.# #.###.# #.#
#.#.........#######.# #.# #.#
#.########..........# #.# #.#
#.# #.########## #.# #.#
#.########.# #.# #.#
#.#......#.# #.# #.#
#.#.####.#.########## #.# #.#
#.#.# #.#.##.......# #.# #
#.####.#.## #.#.##.#####.###.# #


You could see a death yak and a crimson imp.

Vanquished Creatures
  A hippogriff (D:7)
  A spriggan (D:7)
  Sigmund (D:2)
  An orc warrior (D:6)
  3 ogres
  A phantom (D:4)
  3 sky beasts
  A black bear (D:6)
  3 centaurs
  A big kobold (D:7)
  2 bullfrogs
  2 scorpions
  5 howler monkeys
  3 jellies
  2 bullfrog zombies (D:7)
  2 hounds (D:7)
  3 centaur zombies
  A centaur skeleton (D:5)
  2 orc priests (D:7)
  5 orc wizards (D:7)
  Natasha (thrice) (D:2 D:1)
  2 iguanas
  5 worker ants
  A howler monkey skeleton (D:5)
  7 gnolls
  8 adders
  A shadow imp (D:7)
  An ooze (D:3)
  4 worms
  4 dart slugs
  5 leopard geckos
  12 orcs
  6 bats
  5 giant cockroaches
  6 goblins
  2 hobgoblins
  6 jackals
  3 quokkas
  A ball python (D:1)
  8 frilled lizards
  7 kobolds
  A leopard gecko skeleton (D:4)
  A leopard gecko zombie (D:6)
  7 rats
149 creatures vanquished.

Vanquished Creatures (others)
  6 fungi (D:4)
6 creatures vanquished.

Grand Total: 155 creatures vanquished

Notes
Turn   | Place    | Note
-------+----------+-------------------------------------------
     0 | D:1      | sose the Ghoul Gladiator began the quest for the Orb.
     0 | D:1      | Reached XP level 1. HP: 17/17 MP: 0/0
   175 | D:1      | Reached XP level 2. HP: 19/24 MP: 1/1
   261 | D:1      | Reached skill level 4 in Unarmed Combat
   686 | D:2      | Noticed Natasha
   691 | D:2      | Noticed a crimson imp
   816 | D:2      | Noticed a crimson imp
   816 | D:2      | Killed Natasha
   816 | D:2      | Reached XP level 3. HP: 13/29 MP: 2/2
   833 | D:2      | Reached skill level 5 in Unarmed Combat
   876 | D:2      | Noticed Natasha
   896 | D:2      | Killed Natasha
   896 | D:2      | Reached XP level 4. HP: 24/36 MP: 3/3
  1136 | D:2      | Noticed Natasha
  1281 | D:1      | Killed Natasha
  1281 | D:1      | Reached skill level 6 in Unarmed Combat
  1378 | D:2      | Reached XP level 5. HP: 41/41 MP: 4/4
  1655 | D:2      | Noticed Sigmund
  1686 | D:2      | Killed Sigmund
  1686 | D:2      | Reached skill level 7 in Unarmed Combat
  1686 | D:2      | Reached XP level 6. HP: 43/48 MP: 5/5
  2292 | D:4      | Reached skill level 8 in Unarmed Combat
  2339 | D:4      | Noticed a phantom
  2382 | D:4      | Killed a phantom
  2382 | D:4      | Reached XP level 7. HP: 32/56 MP: 6/6
  2388 | D:4      | Found a staircase to the Ecumenical Temple.
  2398 | Temple   | Entered the Ecumenical Temple
  2559 | Temple   | Became a worshipper of Makhleb the Destroyer
  3118 | D:5      | Entered Level 5 of the Dungeon
  3337 | D:5      | Reached * piety under Makhleb
  3366 | D:5      | Reached XP level 8. HP: 66/66 MP: 7/7
  3566 | D:6      | Reached skill level 9 in Unarmed Combat
  3692 | D:6      | Reached skill level 1 in Armour
  4043 | D:6      | Reached skill level 5 in Fighting
  4399 | D:7      | Found a shimmering altar of Xom.
  4412 | D:7      | Reached skill level 10 in Unarmed Combat
  4412 | D:7      | Reached XP level 9. HP: 68/74 MP: 8/8
  4425 | D:7      | Identified the Disquisition on the Earthen Voyage
  4499 | D:7      | Found a hide-covered altar of Uskayaw.
  4518 | D:7      | Reached skill level 5 in Dodging
  4528 | D:7      | Reached ** piety under Makhleb
  5392 | D:8      | Noticed a death yak
  5399 | D:8      | Noticed a death yak
  5418 | D:8      | Noticed a death yak
  5421 | D:8      | Noticed a death yak
  5642 | D:8      | Found a staircase to the Lair.
  5732 | D:7      | Mangled by a death yak

Vault maps used:
D:1:      matt_arrival_grand_opening, hangedman_abyss_or_decor_lesser_grid
D:2:      first_bread, uniq_natasha, uniq_sigmund
D:4:      serial_aquarium, aquarium_bridge_island_small, aquarium_window_fake,
          aquarium_window_1, aquarium_window_2, aquarium_view_2f,
          aquarium_view_2e
D:6:      kennysheep_generic_room_4
D:7:      basic_altar, st_stairs_6, kennysheep_flooded_box, the_bakery,
          minmay_crystal_water, kennysheep_nondescript
D:8:      dpeg_lair_monsters, uniq_joseph
Temple:   minmay_crystal_snake_temple

Skill      XL: |  1  2  3  4  5  6  7  8  9 |
---------------+----------------------------+-----
Unarmed Combat | 4 5 6 7 8 10 | 10.9
Dodging        | 3 4 5 |  5.9
Fighting       | 4 5 6 |  6.5
Armour         | 2 4 |  4.0
Throwing       | |  1.7

Action                   |  1- 3 |  4- 6 |  7- 9 || total
-------------------------+-------+-------+-------++-------
Melee: Unarmed           |    75 |   124 |   363 ||   562
       Punch             |     1 |     3 |    14 ||    18
  Use: Scroll            |       |       |     9 ||     9
       Potion            |       |       |     1 ||     1
 Stab: Sleeping          |       |     1 |       ||     1
  Eat: Chunk             |    12 |    12 |    29 ||    53
Armor: Leather armour    |    35 |    17 |    10 ||    62
       Plate armour      |       |       |   142 ||   142
Dodge: Dodged            |    77 |    78 |   203 ||   358
